AoeStats
← P4NDY

Arabia

508349930Analyzed
2v2 RM · 11d ago on Sep 22, 2026· 43m 19s· 4 players
Game mode
Random Map
Map size
Medium (4 player)
Population
200
Speed
Normal
Resources
Standard
Victory
Conquest
Starting age
Dark Age
Ending age
Imperial Age
RankedLock teamsTeams togetherTeam positionsShared explorationLock speedFull tech treeHidden civsTurbo modeCheats
Victory
Defeat
🇺🇸 Persians · United States
523
+13
🇺🇸 Byzantines · United States
467
+15
🇨🇴 Sicilians · Colombia
473
-15
🇨🇴 Sicilians · Colombia
424
-13
Trumpie23
12:53 Feudal Age
18:23 Double-Bit Axe
18:21 Horse Collar
26:34 Castle Age
24:26 Fletching
24:46 Forging
26:34 Padded Archer Armor
26:35 Scale Mail Armor
27:57 Bow Saw
28:03 Elite Skirmisher
34:55 Crossbowman
36:30 Chain Mail Armor
41:51 Imperial Age
42:08 Iron Casting
43:45 Bodkin Arrow
44:21 Plate Mail Armor
44:07 Leather Archer Armor
gaiterboysj
36:48 Loom
P4NDY
21:25 Feudal Age
24:39 Wheelbarrow
24:49 Double-Bit Axe
24:50 Horse Collar
25:46 Gold Mining
29:45 Arson
30:42 Town Watch
35:24 Castle Age
37:03 Hand Cart
36:51 Heavy Plow
37:06 Murder Holes
38:08 Gold Shaft Mining
37:24 Stone Mining
37:21 Pikeman
39:08 Heated Shot
41:03 Town Patrol
41:28 Ballistics
42:52 Stone Shaft Mining
medusak61
1:32 Loom
Connection lost

Rejoining the realm…

Still unreachable

The connection could not be restored.

Session expired

The server has moved on; the page needs a fresh start.